 Dungeon Crawl Stone Soup version 0.29.1-2-gbd0b4ee654 (webtiles) character file.

Game seed: 6482044237526519201

2046 boopmooplesden the Carver (level 9, -1/75 (78) HPs)
             Began as a Minotaur Berserker on Nov 23, 2022.
             Was a Priest of Trog.
             Killed by divine providence
             ... invoked by an orc priest
              (15 damage)
             ... on level 6 of the Dungeon.
             The game lasted 00:07:07 (5813 turns).

boopmooplesden the Carver (Minotaur Berserker)      Turns: 5813, Time: 00:07:08

HP:   -1/75 (78)    AC: 10    Str: 23    XL:     9   Next: 4%
MP:   8/8           EV: 13    Int:  8    God:    Trog [***...]
Gold: 396           SH:  0    Dex: 17    Spells: 8/8 levels left

rFire   . . .      SeeInvis .   a - +4 falchion
rCold   . . .      Faith    .   G - orb {mayhem}
rNeg    . . .      Spirit   .   e - +2 ring mail
rPois   +          Reflect  +   (helmet restricted)
rElec   .          Harm     +   (no cloak)
rCorr   .          Rampage  .   (no gloves)
Will    .....                   I - +1 pair of boots of Knowledge {Harm rPois Int+4 Dex+4}
Stlth   ..........              u - amulet of reflection
HPRegen 0.22/turn               (no ring)
MPRegen 0.11/turn               (no ring)

@: confused, on berserk cooldown, slowed, lightly drained, very slow
A: horns 2, retaliatory headbutt
a: Renounce Religion, Berserk, Trog's Hand


You were on level 6 of the Dungeon.
You worshipped Trog.
Trog was most pleased with you.
You visited 1 branch of the dungeon, and saw 6 of its levels.
You also visited: Ossuary.

You collected 396 gold pieces.

Inventory:

Hand Weapons
 a - a +4 falchion (weapon)
 i - a +2 vorpal scimitar
 s - a +1 flail of draining
Armour
 b - a +0 animal skin
 e - a +2 ring mail (worn)
 r - a +0 scale mail
 G - an orb of mayhem (worn)
 I - the +1 pair of boots of Knowledge (worn) {Harm rPois Int+4 Dex+4}
   (You acquired it on level 4 of the Dungeon)

   Int:       It affects your intelligence (+4).
   Dex:       It affects your dexterity (+4).
   rPois:     It protects you from poison.
   Harm:      It increases damage dealt and taken.
Jewellery
 n - an amulet of reflection
 u - an amulet of reflection (around neck)
 y - a +4 ring of evasion
 J - a ring of resist corrosion
 L - a +4 ring of evasion
 M - an amulet of guardian spirit
Wands
 q - a wand of roots (3)
 v - a wand of flame (9)
 F - a wand of mindburst (1)
Scrolls
 d - 3 scrolls of poison
 g - a scroll of blinking
 w - 4 scrolls of teleportation
 E - a scroll of magic mapping
Potions
 c - a potion of might {unknown}
 f - 4 potions of lignification
 h - 3 potions of haste
 j - 2 potions of degeneration {unknown}
 l - a potion of berserk rage {unknown}
 m - 3 potions of mutation {unknown}
 o - 3 potions of brilliance
 p - 3 potions of curing {unknown}
 x - 2 potions of resistance {unknown}
 z - a potion of ambrosia {unknown}
 B - 3 potions of heal wounds {unknown}
 C - 3 potions of attraction {unknown}
 D - a potion of magic {unknown}


   Skills:
 + Level 6.7 Fighting
 + Level 9.6 Long Blades
 + Level 7.0 Armour
 + Level 4.7 Dodging
 + Level 1.7 Stealth
 + Level 3.9 Shields


You had 8 spell levels left.
You didn't know any spells.
Your spell library was empty.

Dungeon Overview and Level Annotations

Branches:
Dungeon (6/15)             Temple (0/1) D:5         Ossuary (visited)

Altars:
Trog
Yredelemnul


Innate Abilities, Weirdness & Mutations

You have a pair of horns on your head.
You reflexively headbutt those who attack you in melee.


Message History

The orc wizard flickers and vanishes!
Deactivating autopickup; reactivate with Ctrl-A.
An orc comes into view.
It is wielding a +2 hand axe of draining.
You see here a clear potion.
p - 3 clear potions (gained 1)
The orc shouts!
The orc wizard shouts!
The orc priest shouts!
The orc wizard points at you and mumbles some strange words.
The puff of flame hits something.
The orc priest mumbles some strange prayers to Beogh against you.
Beogh smites you! Something hits you but does no damage.
You barely miss something. Something hits you but does no damage.
The orc wizard hits you but does no damage.
The orc priest mumbles some strange prayers to Beogh against you.
Beogh smites you!
* * * LOW HITPOINT WARNING * * *
Something hits you but does no damage.
You barely miss the orc wizard.
The orc shouts!
You headbutt the orc wizard.
The orc wizard is moderately wounded.
The orc wizard gestures wildly while chanting.
The orc wizard flickers and vanishes!
Something hits you but does no damage.
You miss something.
You hear some strange, mumbled words.
Something tries to affect you, but you resist.
The orc hits you but does no damage.
You feel drained.
The orc priest looks satisfied for a moment.
Something barely misses you.
You hit something but do no damage. Something barely misses you.
The orc hits you with a +2 hand axe of draining.
* * * LOW HITPOINT WARNING * * *
You feel drained.
* * * LOW HITPOINT WARNING * * *
Something hits you.
* * * LOW HITPOINT WARNING * * *
You hear some strange, mumbled words.
You are confused.
The orc priest mumbles some strange prayers to Beogh against you.
Beogh smites you!
You die...

### ###########..
..#####.................
#................#......
#######..........#......
#.................
..#########.#####.......
.....###.......o.o..(..
#####..)#.##....o{......
.......)........@.......
###..#####.#............
# #...(###.#..... ##
####.# ..##... .### #...
.... .. ...# #####.....
. ##.##### ...###
#.....##########.#.#
######............#


You could see an orc priest and 2 orcs.

Vanquished Creatures
  A wraith (Ossuary)
  The ghost of KennySheep the Cutter, an amateur DEFi of Okawaru (D:3)
  Duvessa (D:6)
  2 ice beasts (D:6)
  A black bear (D:5)
  2 ogres
  A centaur (D:5)
  A phantom (D:4)
  An elf zombie (Ossuary)
  Blork the orc (D:6)
  4 scorpions (D:5)
  Dowan (D:6)
  2 hounds
  A human zombie (Ossuary)
  A jelly (D:6)
  Jessica (D:3)
  Terence (D:2)
  3 orc wizards (D:5)
  Natasha (twice) (D:3)
  4 iguanas
  3 mummies (Ossuary)
  Robin (D:3)
  3 adders
  A shadow imp (D:5)
  A white imp (D:6)
  2 ufetubi (D:5)
  2 worms
  6 dart slugs
  13 orcs
  6 ball pythons
  5 bats
  7 endoplasms
  A giant cockroach (D:3)
  14 goblins
  9 hobgoblins
  7 kobolds
  2 quokkas (D:2)
  2 frilled lizards (D:1)
  6 goblin zombies (Ossuary)
  A hobgoblin zombie (Ossuary)
  3 kobold zombies (Ossuary)
  6 rats
133 creatures vanquished.

Vanquished Creatures (collateral kills)
  2 orc wizards
  An orc (D:5)
3 creatures vanquished.

Vanquished Creatures (others)
  An orc (D:5)
  3 withered plants (D:2)
4 creatures vanquished.

Grand Total: 140 creatures vanquished

Notes
Turn   | Place    | Note
-------+----------+-------------------------------------------
     0 | D:1      | boopmooplesden the Minotaur Berserker began the quest for
                  | the Orb.
     0 | D:1      | Reached XP level 1. HP: 19/19 MP: 0/0
   207 | D:1      | Reached XP level 2. HP: 6/27 MP: 1/1
   502 | D:1      | Reached skill level 4 in Long Blades
  1397 | D:2      | Reached XP level 3. HP: 33/33 MP: 2/2
  1430 | D:2      | Reached ** piety under Trog
  2283 | D:2      | Found a faded altar of an unknown god.
  2379 | D:2      | Noticed Terence
  2385 | D:2      | Killed Terence
  2386 | D:2      | Reached XP level 4. HP: 41/41 MP: 3/3
  2585 | D:3      | Noticed Jessica
  2591 | D:3      | Killed Jessica
  2592 | D:3      | Reached skill level 5 in Long Blades
  2644 | D:3      | Noticed Natasha
  2649 | D:3      | Killed Natasha
  2765 | D:3      | Reached XP level 5. HP: 47/47 MP: 4/4
  2790 | D:3      | Noticed Robin
  2800 | D:3      | Killed Robin
  3121 | D:3      | Noticed Natasha
  3128 | D:3      | Killed Natasha
  3134 | D:3      | Reached skill level 1 in Shields
  3303 | D:3      | Found a large runed translucent door.
  3303 | D:3      | Found a large runed translucent door.
  3304 | D:3      | Noticed KennySheep's ghost (amateur DEFi)
  3312 | D:3      | Killed KennySheep's ghost
  3313 | D:3      | Reached skill level 5 in Fighting
  3313 | D:3      | Reached skill level 6 in Long Blades
  3313 | D:3      | Reached XP level 6. HP: 56/56 MP: 5/5
  3435 | D:4      | Found a bloodstained altar of Trog.
  3577 | D:4      | Found a basalt altar of Yredelemnul.
  3995 | D:4      | Reached XP level 7. HP: 61/61 MP: 6/6
  4055 | D:4      | Identified a scroll of acquirement
  4055 | D:4      | Acquired the +1 pair of boots of Knowledge {Harm rPois
                  | Int+4 Dex+4}
  4065 | D:5      | Entered Level 5 of the Dungeon
  4071 | D:5      | Reached skill level 1 in Stealth
  4084 | D:5      | Reached skill level 7 in Long Blades
  4093 | D:5      | Reached skill level 5 in Armour
  4148 | D:5      | Found a sand-covered staircase.
  4153 | Ossuary  | Entered an ossuary
  4153 | Ossuary  | Noticed a wraith
  4153 | Ossuary  | Noticed a wraith
  4153 | Ossuary  | Noticed a wraith
  4211 | Ossuary  | Reached *** piety under Trog
  4397 | Ossuary  | Noticed a wraith
  4411 | Ossuary  | Killed a wraith
  4412 | Ossuary  | Reached skill level 8 in Long Blades
  4412 | Ossuary  | Reached XP level 8. HP: 32/70 MP: 7/7
  5358 | D:5      | Found a staircase to the Ecumenical Temple.
  5367 | D:5      | Reached skill level 9 in Long Blades
  5629 | D:6      | Noticed Blork the orc
  5636 | D:6      | Killed Blork the orc
  5789 | D:6      | Noticed Duvessa
  5790 | D:6      | Noticed Dowan
  5795 | D:6      | Killed Dowan
  5798 | D:6      | Killed Duvessa
  5799 | D:6      | Reached XP level 9. HP: 71/78 MP: 8/8
  5813 | D:6      | Killed from afar by an orc priest

Illustrated notes

Levels and vault maps discovered:
D:1:      lightli_arrival_maybe_door_vault, layout_basic
D:2:      layout_basic, ebering_ecumenical_altar_petrified, nrook_campfire,
          uniq_terence
D:3:      layout_rooms, ebering_ghost_disaster_area, minmay_quadrilaterals,
          uniq_robin, uniq_jessica, uniq_natasha
D:4:      layout_rooms, trog_three_pillars_becter, lemuel_crystal_altar,
          minmay_misc_feat_room
D:5:      layout_layer_cave, temple_green, enter_ossuary_2
D:6:      layout_rooms, uniq_duvessa, uniq_blork_the_orc

Skill      XL: |  1  2  3  4  5  6  7  8 |
---------------+-------------------------+-----
Fighting       | 4 5 6 |  6.7
Long Blades    | 4 5 6 8 9 |  9.6
Armour         | 3 4 5 7 |  7.0
Shields        | 1 2 3 |  3.9
Dodging        | 3 4 |  4.7
Stealth        | 1 |  1.7

Action                   |  1- 3 |  4- 6 |  7- 9 || total
-------------------------+-------+-------+-------++-------
Melee: Falchion          |    79 |   115 |   171 ||   365
       Headbutt          |    10 |    13 |    35 ||    58
       Punch             |       |     1 |       ||     1
Invok: Berserk           |     2 |     4 |     5 ||    11
  Use: Scroll            |     3 |       |    15 ||    18
Armor: Animal skin       |     6 |       |       ||     6
       Ring mail         |    15 |    42 |    61 ||   118
Dodge: Dodged            |    62 |    73 |    81 ||   216
Block: Other             |       |    33 |       ||    33
       Reflection        |       |     4 |     2 ||     6
       Orb               |       |       |    32 ||    32
